 Dungeon Crawl Stone Soup version 0.21-a0-91-ga5031da (webtiles) character file.

30 grindst0ne the Skirmisher (level 3, -3/33 HPs)
             Began as a Ghoul Monk on June 29, 2017.
             Slain by Terence
             ... wielding a +0 falchion
              (7 damage)
             ... on level 2 of the Dungeon.
             The game lasted 00:03:29 (1190 turns).

grindst0ne the Skirmisher (Ghoul Monk)              Turns: 1190, Time: 00:03:29

Health: -3/33      AC:  2    Str: 13 (15) XL:     3   Next: 18%
Magic:  2/2        EV: 12    Int:  2 (5)  God:
Gold:   95         SH:  0    Dex:  9 (11) Spells: 2/2 levels left

rFire    . . .     SeeInvis .     - Unarmed
rCold    + . .     Gourm    .   (no shield)
rNeg     + + +     Faith    .   a - +0 robe
rPois    ∞         Spirit   .   (no helmet)
rElec    .         Reflect  .   (no cloak)
rCorr    .         Harm     .   (no gloves)
MR       .....                  (no boots)
Stlth    ++........             (no amulet)
HPRegen  0.00/turn              (no ring)
MPRegen  0.08/turn              (no ring)

@: rotting
A: rotting body, claws 1, carnivore 3, cold resistance 1, negative energy
resistance 3, inhibited regeneration, torment resistance, unbreathing
a: no special abilities


You were on level 2 of the Dungeon.
You were not hungry.

You visited 1 branch of the dungeon, and saw 2 of its levels.

You collected 95 gold pieces.

Inventory:

Armour
 a - a +0 robe (worn)
Scrolls
 d - a scroll of magic mapping
 e - a scroll of fog {unknown}
 f - a scroll of teleportation
 g - 4 scrolls of identify {unknown}
Comestibles
 b - 3 meat rations
 c - 4 chunks of flesh
 i - a royal jelly


   Skills:
 + Level 4.1 Fighting
 - Level 2.6 Dodging
 - Level 2.1 Stealth
 + Level 3.9 Unarmed Combat


You had 2 spell levels left.
You didn't know any spells.

Dungeon Overview and Level Annotations

Branches:
Dungeon (2/15)

Altars:

Annotations:
D:2 Terence


Innate Abilities, Weirdness & Mutations

Your body is rotting away.
You thrive on raw meat.
You are immune to poison.
You have sharp fingernails.
You are carnivorous and can eat meat at any time.
Your flesh is cold resistant. (rC+)
You are immune to negative energy. (rN+++)
You do not regenerate when monsters are visible.
You are immune to unholy pain and torment.
You can survive without breathing.


Message History

You closely miss Terence. Terence closely misses you.
You scratch Terence but do no damage. Terence says, "How do you enjoy it?"
Terence closely misses you.
You scratch Terence.
Terence is lightly wounded.
Terence hits you with a falchion!
You scratch Terence but do no damage.
Terence is lightly wounded.
Terence screams, "I'm going to kill you!"
Terence hits you with a falchion.
* * * LOW HITPOINT WARNING * * *
You barely miss Terence.
Terence is lightly wounded.
Terence hits you with a falchion.
* * * LOW HITPOINT WARNING * * *
You scratch Terence but do no damage.
Terence is lightly wounded.
Terence hits you with a falchion!
You die...

#.#.......##.##.####........***
#.#.......##.##.......#**,,,*
#.#.#######*..#.......# *,,,*
#.#.# *#.#..(....# *,,,* #.#.#
#.........# *,,,* #.#.#
##........# *,,,* #.#.#
#........# *,,,* #.#.#
#.@####### *,,,*
#.#.##########@.## **+**
###.#...(..........# *,* **
#....############..# *,* *,
#.###............>.# *,* *, #.*
#.###########..# *,* *, #.* #.#
#..# *,* *, #.**#.# ##.# *,***,
#.,,..# *.# *,,,,, ##**### *.#
*,,,,,


You could see Terence.

Vanquished Creatures
  A leopard gecko (D:1)
  7 bats
  A giant cockroach (D:1)
  A hobgoblin (D:2)
  3 jackals (D:1)
  5 kobolds
  2 frilled lizards (D:1)
  3 goblins (D:1)
  4 rats
27 creatures vanquished.

Notes
Turn   | Place    | Note
-------+----------+-------------------------------------------
     0 | D:1      | grindst0ne the Ghoul Monk began the quest for the Orb.
     0 | D:1      | Reached XP level 1. HP: 19/19 MP: 0/0
   170 | D:1      | Reached XP level 2. HP: 26/26 MP: 1/1
   840 | D:1      | Reached skill level 4 in Fighting
   852 | D:1      | Reached XP level 3. HP: 27/32 MP: 2/2
  1022 | D:2      | Noticed Terence
  1190 | D:2      | Slain by Terence

Vault maps used:
D:1:      lightli_molten_gateway
D:2:      grunt_temple_overflow_cloverleaf, minmay_distorted, uniq_terence,
          uniq_robin, uniq_sigmund

Skill      XL: |  1  2 |
---------------+-------+-----
Fighting       | 4 |  4.1
Dodging        | |  2.6
Stealth        | |  2.1
Unarmed Combat | |  3.9

Action                   || total
-------------------------++-------
Melee: Unarmed           ||    78
       Punch             ||     2
  Use: Potion            ||     6
       Scroll            ||     2
 Stab: Sleeping          ||     7
  Eat: Chunk             ||     2
Armor: Robe              ||    16
Dodge: Dodged            ||    48
